[ AOE2 MATCH · #493672339 ]
UnrankedPortuguese vs Spanish
Player's team · LOSS
Rival team · WIN
[ REPLAY ANALYSIS · EXTRACTED FROM THE RECORDED GAME ]
Feudal
9:25
Castle
21:40
Imperial
—
| APM avg | 43.7 |
| APM peak | 83 |
| eAPM avg | 19.0 |
| Villagers / military | 84 / 55 |
Focus
⚔️ 32.7% · 🌾 67.3%
Skirmisher ×34 · Archer ×14 · Militia ×4 · Monk ×3
Feudal
10:44
Castle
15:16
Imperial
—
| APM avg | 63.0 |
| APM peak | 102 |
| eAPM avg | 20.6 |
| Villagers / military | 49 / 36 |
Focus
⚔️ 29.7% · 🌾 70.3%
Conquistador ×36
Match map
Initial resources + every placement click. Lines = walls · curves = elevation contours. ◆ gold · ⬟ stone · ● berries · ✦ relic · ◌ wall gap
Your base· ✓ Closed at 21:40 · 24t walls · no gate
Lottl's base· Open — 7t gap
Smoothed initial terrain · ◌ = detected wall gap · hover for details
Inputs per minute
— justkidding - - Lottl
Build order — justkidding
First 150 of 192 actions detected
| 0:02 | Create | Villager (Male) |
| 0:02 | Create | Villager (Male) |
| 0:02 | Create | Villager (Male) |
| 0:02 | Create | Villager (Male) |
| 0:03 | Build | House |
| 0:04 | Build | House |
| 1:25 | Create | Villager (Male) |
| 1:25 | Create | Villager (Male) |
| 1:53 | Create | Villager (Male) |
| 1:54 | Create | Villager (Male) |
| 2:09 | Build | Lumber Camp |
| 2:37 | Create | Villager (Male) |
| 2:38 | Create | Villager (Male) |
| 2:45 | Create | Villager (Male) |
| 2:45 | Create | Villager (Male) |
| 3:03 | Create | Villager (Male) |
| 3:03 | Create | Villager (Male) |
| 3:08 | Build | House |
| 4:07 | Create | Villager (Male) |
| 4:08 | Create | Villager (Male) |
| 4:15 | Create | Villager (Male) |
| 4:15 | Create | Villager (Male) |
| 4:50 | Create | Villager (Male) |
| 4:50 | Create | Villager (Male) |
| 5:21 | Create | Villager (Male) |
| 5:22 | Create | Villager (Male) |
| 5:22 | Create | Villager (Male) |
| 5:35 | Build | Barracks |
| 5:38 | Create | Villager (Male) |
| 5:38 | Create | Villager (Male) |
| 5:38 | Create | Villager (Male) |
| 6:07 | Research | Loom |
| 7:00 | Build | House |
| 7:15 | Research | Feudal Age |
| 7:28 | Build | Mining Camp |
| 7:58 | Create | Militia |
| 7:58 | Create | Militia |
| 7:58 | Create | Militia |
| 8:40 | Create | Militia |
| 9:25 | Age | Feudal Age |
| 9:30 | Research | Man-at-Arms (upgrade) |
| 9:31 | Create | Villager (Male) |
| 9:38 | Research | Double-Bit Axe |
| 9:53 | Create | Villager (Male) |
| 10:04 | Build | Archery Range |
| 10:06 | Build | Palisade Wall |
| 10:09 | Create | Villager (Male) |
| 10:23 | Create | Villager (Male) |
| 10:32 | Build | Mill |
| 10:33 | Create | Villager (Male) |
| 11:24 | Create | Villager (Male) |
| 11:35 | Build | House |
| 11:43 | Build | House |
| 11:45 | Build | Palisade Wall |
| 11:52 | Create | Villager (Male) |
| 11:58 | Research | Horse Collar |
| 11:58 | Create | Villager (Male) |
| 12:02 | Create | Archer |
| 12:03 | Create | Archer |
| 12:03 | Create | Archer |
| 12:04 | Create | Villager (Male) |
| 12:15 | Create | Villager (Male) |
| 12:16 | Create | Villager (Male) |
| 12:27 | Build | House |
| 12:41 | Create | Villager (Male) |
| 12:53 | Create | Villager (Male) |
| 13:30 | Build | Farm |
| 13:32 | Build | Farm |
| 13:33 | Build | Farm |
| 13:35 | Build | Farm |
| 13:36 | Build | Farm |
| 13:37 | Build | Farm |
| 13:38 | Create | Villager (Male) |
| 13:53 | Build | Blacksmith |
| 13:54 | Build | House |
| 14:13 | Create | Villager (Male) |
| 14:26 | Create | Archer |
| 14:26 | Create | Archer |
| 14:48 | Create | Villager (Male) |
| 15:09 | Create | Villager (Male) |
| 15:12 | Build | Farm |
| 15:13 | Create | Villager (Male) |
| 15:18 | Create | Archer |
| 15:18 | Create | Archer |
| 15:35 | Research | Fletching |
| 16:06 | Build | House |
| 16:08 | Create | Villager (Male) |
| 16:25 | Build | Archery Range |
| 16:31 | Create | Villager (Male) |
| 16:36 | Create | Archer |
| 16:36 | Create | Archer |
| 16:39 | Build | House |
| 17:11 | Create | Archer |
| 17:11 | Create | Archer |
| 17:32 | Create | Villager (Male) |
| 17:34 | Build | Farm |
| 17:46 | Build | Palisade Wall |
| 17:48 | Build | Palisade Wall |
| 17:55 | Build | Palisade Wall |
| 17:59 | Build | Palisade Wall |
| 18:17 | Create | Skirmisher |
| 18:20 | Build | Farm |
| 18:21 | Create | Villager (Male) |
| 18:23 | Build | Farm |
| 18:41 | Build | Farm |
| 18:44 | Build | Farm |
| 18:47 | Build | Farm |
| 19:00 | Research | Castle Age |
| 19:02 | Create | Skirmisher |
| 19:02 | Create | Skirmisher |
| 19:31 | Create | Villager (Male) |
| 19:36 | Research | Padded Archer Armor |
| 20:15 | Build | Farm |
| 20:22 | Create | Skirmisher |
| 20:48 | Build | Watch Tower |
| 21:18 | Create | Skirmisher |
| 21:40 | Age | Castle Age |
| 21:55 | Build | Market |
| 22:17 | Research | Elite Skirmisher (upgrade) |
| 22:18 | Create | Skirmisher |
| 22:20 | Create | Villager (Male) |
| 22:55 | Build | Monastery |
| 23:13 | Create | Monk |
| 23:17 | Create | Villager (Male) |
| 23:41 | Build | Watch Tower |
| 23:56 | Create | Villager (Male) |
| 23:57 | Create | Villager (Male) |
| 24:25 | Create | Villager (Male) |
| 24:25 | Create | Villager (Male) |
| 24:30 | Create | Skirmisher |
| 24:30 | Create | Skirmisher |
| 24:31 | Create | Villager (Male) |
| 24:32 | Create | Villager (Male) |
| 24:38 | Create | Villager (Male) |
| 24:38 | Create | Villager (Male) |
| 24:43 | Build | Town Center |
| 25:00 | Research | Bodkin Arrow |
| 25:03 | Create | Villager (Male) |
| 25:03 | Create | Villager (Male) |
| 25:15 | Create | Monk |
| 25:25 | Create | Villager (Male) |
| 25:25 | Create | Villager (Male) |
| 25:45 | Create | Villager (Male) |
| 25:45 | Create | Villager (Male) |
| 25:46 | Create | Villager (Male) |
| 25:50 | Create | Villager (Male) |
| 26:08 | Build | Farm |
| 26:10 | Build | Farm |
| 26:12 | Create | Villager (Male) |
| 26:12 | Create | Villager (Male) |
Build order — Lottl
142 actions detected in the replay
| 0:01 | Create | Villager (Male) |
| 0:01 | Create | Villager (Male) |
| 0:03 | Build | House |
| 0:04 | Build | House |
| 0:25 | Create | Villager (Male) |
| 0:25 | Create | Villager (Male) |
| 1:40 | Create | Villager (Male) |
| 1:40 | Create | Villager (Male) |
| 1:54 | Build | Lumber Camp |
| 2:18 | Create | Villager (Male) |
| 2:35 | Create | Villager (Male) |
| 2:36 | Create | Villager (Male) |
| 3:21 | Build | House |
| 3:23 | Build | House |
| 3:32 | Create | Villager (Male) |
| 3:32 | Create | Villager (Male) |
| 3:48 | Build | Palisade Wall |
| 4:04 | Create | Villager (Male) |
| 4:04 | Create | Villager (Male) |
| 4:31 | Create | Villager (Male) |
| 5:14 | Create | Villager (Male) |
| 5:14 | Create | Villager (Male) |
| 5:29 | Create | Villager (Male) |
| 5:40 | Build | Mill |
| 5:56 | Create | Villager (Male) |
| 6:06 | Create | Villager (Male) |
| 6:06 | Create | Villager (Male) |
| 6:23 | Build | Palisade Wall |
| 6:43 | Build | Palisade Wall |
| 6:54 | Create | Villager (Male) |
| 7:03 | Build | Mining Camp |
| 7:13 | Create | Villager (Male) |
| 7:26 | Create | Villager (Male) |
| 7:49 | Create | Villager (Male) |
| 7:49 | Create | Villager (Male) |
| 7:57 | Research | Loom |
| 8:31 | Research | Feudal Age |
| 8:35 | Build | Palisade Wall |
| 8:37 | Build | Palisade Wall |
| 8:40 | Build | Palisade Wall |
| 8:56 | Build | Palisade Wall |
| 9:07 | Create | Villager (Male) |
| 9:23 | Build | House |
| 9:36 | Create | Villager (Male) |
| 9:44 | Build | Palisade Wall |
| 10:44 | Age | Feudal Age |
| 10:48 | Build | Market |
| 10:55 | Build | Blacksmith |
| 11:09 | Build | Watch Tower |
| 11:37 | Create | Villager (Male) |
| 12:37 | Research | Castle Age |
| 12:37 | Research | Castle Age |
| 13:34 | Build | Mining Camp |
| 14:13 | Build | House |
| 15:16 | Age | Castle Age |
| 15:33 | Build | Farm |
| 15:35 | Build | Farm |
| 15:39 | Build | Farm |
| 16:07 | Create | Villager (Male) |
| 16:32 | Build | Castle |
| 16:54 | Build | Farm |
| 16:55 | Build | Farm |
| 16:55 | Build | Farm |
| 16:56 | Build | Farm |
| 17:04 | Research | Double-Bit Axe |
| 17:31 | Create | Conquistador |
| 17:32 | Create | Conquistador |
| 17:33 | Create | Conquistador |
| 17:42 | Build | Farm |
| 17:42 | Build | Farm |
| 17:42 | Build | Farm |
| 17:43 | Build | Farm |
| 18:09 | Create | Villager (Male) |
| 18:13 | Create | Villager (Male) |
| 18:25 | Create | Villager (Male) |
| 18:52 | Create | Conquistador |
| 18:52 | Create | Conquistador |
| 19:23 | Create | Conquistador |
| 19:25 | Create | Villager (Male) |
| 20:01 | Create | Conquistador |
| 20:20 | Create | Conquistador |
| 20:49 | Create | Villager (Male) |
| 20:54 | Create | Conquistador |
| 20:54 | Create | Conquistador |
| 21:03 | Build | Farm |
| 21:03 | Build | Farm |
| 21:26 | Create | Conquistador |
| 21:38 | Build | Farm |
| 22:04 | Create | Conquistador |
| 22:36 | Create | Conquistador |
| 22:58 | Create | Conquistador |
| 23:06 | Build | Farm |
| 23:18 | Research | Padded Archer Armor |
| 23:32 | Create | Conquistador |
| 23:58 | Create | Conquistador |
| 23:58 | Create | Conquistador |
| 24:17 | Create | Villager (Male) |
| 24:21 | Create | Villager (Male) |
| 24:52 | Create | Villager (Male) |
| 24:59 | Create | Conquistador |
| 25:19 | Create | Villager (Male) |
| 25:46 | Create | Conquistador |
| 25:51 | Build | Farm |
| 25:51 | Build | Farm |
| 25:59 | Research | Horse Collar |
| 26:04 | Create | Conquistador |
| 26:22 | Create | Conquistador |
| 27:30 | Create | Conquistador |
| 27:30 | Create | Conquistador |
| 27:37 | Create | Conquistador |
| 27:37 | Create | Conquistador |
| 27:52 | Create | Villager (Male) |
| 27:52 | Create | Villager (Male) |
| 28:09 | Create | Villager (Male) |
| 28:09 | Create | Villager (Male) |
| 28:31 | Create | Villager (Male) |
| 28:38 | Build | House |
| 28:40 | Build | House |
| 28:42 | Create | Villager (Male) |
| 28:43 | Create | Villager (Male) |
| 28:48 | Build | Farm |
| 28:48 | Build | Farm |
| 28:49 | Build | Farm |
| 28:49 | Build | Farm |
| 28:49 | Build | Farm |
| 29:03 | Research | Leather Archer Armor |
| 29:18 | Create | Conquistador |
| 29:40 | Create | Villager (Male) |
| 29:40 | Create | Villager (Male) |
| 29:55 | Build | Castle |
| 29:59 | Create | Conquistador |
| 30:02 | Create | Villager (Male) |
| 30:02 | Create | Villager (Male) |
| 30:18 | Create | Conquistador |
| 30:18 | Create | Conquistador |
| 30:36 | Create | Conquistador |
| 30:37 | Create | Conquistador |
| 30:59 | Create | Conquistador |
| 30:59 | Create | Conquistador |
| 31:24 | Create | Conquistador |
| 31:24 | Create | Conquistador |
| 31:37 | Create | Conquistador |
Match timeline
| 3:48 | Lottl · wall_segment Palisade Wall x5 |
| 5:35 | justkidding · first_building Barracks |
| 6:23 | Lottl · wall_segment Palisade Wall x8 |
| 6:43 | Lottl · wall_segment Palisade Wall x6 |
| 8:35 | Lottl · wall_segment Palisade Wall x1 |
| 8:37 | Lottl · wall_segment Palisade Wall x7 |
| 8:40 | Lottl · wall_segment Palisade Wall x2 |
| 8:56 | Lottl · wall_segment Palisade Wall x1 |
| 9:25 | justkidding · age_up feudal |
| 9:44 | Lottl · wall_segment Palisade Wall x1 |
| 10:04 | justkidding · first_building Archery Range |
| 10:06 | justkidding · wall_segment Palisade Wall x1 |
| 10:44 | Lottl · age_up feudal |
| 11:45 | justkidding · wall_segment Palisade Wall x1 |
| 12:27 | Lottl · first_market_sell 100 wood |
| 15:16 | Lottl · age_up castle |
| 15:19 | Lottl · first_market_buy 100 stone |
| 16:32 | Lottl · first_building Castle |
| 17:46 | justkidding · wall_segment Palisade Wall x4 |
| 17:48 | justkidding · wall_segment Palisade Wall x3 |
| 17:55 | justkidding · wall_segment Palisade Wall x6 |
| 17:59 | justkidding · wall_segment Palisade Wall x9 |
| 21:40 | justkidding · age_up castle |
| 22:55 | justkidding · first_building Monastery |
| 23:27 | justkidding · first_market_buy 100 stone |
| 29:59 | justkidding · wall_segment Palisade Wall x1 |
| 30:02 | justkidding · wall_segment Palisade Wall x1 |
| 31:46 | justkidding · resign |
[ AI ANALYSIS · 1 CREDIT ]
What really happened in this match?
Wolo.gg analyzes every decision: build order, eco, micro, common mistakes by bracket. Personalized analysis on WhatsApp or Discord in 30 seconds.
Civ guide
Portuguese
Perfil
justkidding